 Dungeon Crawl Stone Soup version 0.26.1-11-gd32895ea62 (webtiles) character file.

Game seed: 16311561160061145743

92 Revguard the Skirmisher (level 4, 0/37 HPs)
             Began as a Demonspawn Abyssal Knight on Apr 16, 2021.
             Was a Believer of Lugonu.
             Succumbed to Crazy Yiuf's poison
             ... on level 2 of the Dungeon.
             The game lasted 00:04:55 (2437 turns).

Revguard the Skirmisher (Demonspawn Abyssal Knight) Turns: 2437, Time: 00:04:56

Health: 0/37       AC:  5    Str: 14    XL:     4   Next: 35%
Magic:  6/6        EV: 11    Int: 13    God:    Lugonu [**....]
Gold:   109        SH:  0    Dex: 12    Spells: 3/3 levels left

rFire    . . .     SeeInvis .   a - +1 hand axe
rCold    . . .     Faith    .   (no shield)
rNeg     . . .     Spirit   .   c - +0 ring mail
rPois    .         Reflect  .   (no helmet)
rElec    .         Harm     .   (no cloak)
rCorr    .         Rampage  .   (no gloves)
Will     .....                  (no boots)
Stlth    +.........             (no amulet)
HPRegen  0.12/turn              (no ring)
MPRegen  0.10/turn              (no ring)

@: lethally poisoned (0 -> -8), very slightly contaminated, hasted, invisible,
very quick
A: foul stench 1, miasma immunity
a: Renounce Religion, Depart the Abyss, Bend Space


You were on level 2 of the Dungeon.
You worshipped Lugonu.
Lugonu was pleased with you.
You visited 1 branch of the dungeon, and saw 2 of its levels.
You visited the Abyss 1 time.

You collected 109 gold pieces.

Inventory:

Hand Weapons
 a - a +1 hand axe (weapon)
Armour
 b - a +0 leather armour
 c - a +0 ring mail (worn)
Jewellery
 n - an uncursed ring of protection from cold {unknown}
 o - an uncursed amulet of reflection {unknown}
 q - an uncursed ring of protection from cold {unknown}
 s - a +4 ring of evasion {unknown}
Scrolls
 f - 2 scrolls of blinking {unknown}
 g - a scroll of noise {unknown}
 h - 4 scrolls of identify {unknown}
 j - a scroll of magic mapping {unknown}
 k - a scroll of teleportation {unknown}
 l - a scroll of fog {unknown}
 p - 2 scrolls of remove curse {unknown}
 r - a scroll of enchant armour {unknown}
Potions
 e - a potion of haste


   Skills:
 + Level 3.8 Fighting
 + Level 2.9 Axes
 + Level 2.1 Armour
 * Level 1.5 Dodging
 * Level 2.9 Invocations


You had 3 spell levels left.
You didn't know any spells.
Your spell library was empty.

Dungeon Overview and Level Annotations

Branches:
Dungeon (2/15)

Altars:


Innate Abilities, Weirdness & Mutations

You may emit foul miasma when damaged in melee.
You are immune to miasma.


Message History

You feel sick. Crazy Yiuf misses you.
You hit Crazy Yiuf but do no damage.
Crazy Yiuf is severely wounded.
Crazy Yiuf hits you with a +2 quarterstaff of chaos.
* * * LOW HITPOINT WARNING * * *
You feel as though your hastened speed will last longer.
You barely miss Crazy Yiuf.
Crazy Yiuf is severely wounded.
* * * LOW HITPOINT WARNING * * *
You feel sick.
Okay, then.
Your ring mail prevents you from hitting Crazy Yiuf.
Crazy Yiuf is severely wounded.
Crazy Yiuf closely misses you.
Okay, then.
You catch the helpless Crazy Yiuf completely off-guard!
You slash Crazy Yiuf!
You kill Crazy Yiuf!
Lugonu accepts your kill.
You die...

........##########.# ###
(.....))<..#######.######
.......###..............######
.......#
##############......###
.......# #.#####...## ...)(.##
##### #.### ###... .....######
#)..# #...########
####......## #...# #......#
######..# #.@.# #......#####
#### ##)## #...#....... ♣.♣♣
###........# ♣♣.♣ ###...##...#
♣.♣♣ #...#.####.. ♣♣.♣
#####...###. ♣♣.♣♣
#>......###. ♣♣...♣
######...... ########## ♣....♣
### ##..#..


There were no monsters in sight!

Vanquished Creatures
  Crazy Yiuf (D:2)
  A gnoll (D:1)
  2 adders (D:2)
  4 dart slugs (D:1)
  2 leopard geckos
  5 bats
  A giant cockroach (D:2)
  9 goblins
  5 hobgoblins
  6 jackals
  A quokka (D:2)
  A ball python (D:1)
  4 frilled lizards (D:1)
  7 kobolds (D:2)
  4 rats
53 creatures vanquished.

Notes
Turn   | Place    | Note
-------+----------+-------------------------------------------
     0 | Abyss:1  | Revguard the Demonspawn Abyssal Knight began the quest for
                  | the Orb.
     0 | Abyss:1  | Reached XP level 1. HP: 18/18 MP: 2/2
    36 | Abyss:1  | Noticed a large abomination
    43 | Abyss:1  | Noticed a wretched star
    43 | Abyss:1  | Noticed a sixfirhy
    54 | Abyss:1  | Noticed a chaos spawn
    56 | D:1      | Escaped the Abyss
   122 | D:1      | Reached skill level 1 in Dodging
   132 | D:1      | Reached * piety under Lugonu
   267 | D:1      | Gained mutation: You are immune to miasma. [demonic
                  | ancestry]
   267 | D:1      | Reached XP level 2. HP: 24/24 MP: 3/3
   926 | D:1      | Gained mutation: You may emit foul miasma when damaged in
                  | melee. [demonic ancestry]
   926 | D:1      | Reached XP level 3. HP: 26/29 MP: 4/4
  1544 | D:2      | Reached ** piety under Lugonu
  1632 | D:2      | Reached XP level 4. HP: 28/37 MP: 6/6
  2318 | D:2      | Found a runed translucent door.
  2319 | D:2      | Noticed Crazy Yiuf
  2434 | D:2      | HP: 1/37 [Crazy Yiuf/+2 quarterstaff of chaos (4)]
  2437 | D:2      | Killed Crazy Yiuf
  2437 | D:2      | Succumbed to Crazy Yiuf's poison

Illustrated notes

Levels and vault maps discovered:
D:1:      erik_arrival_cave_to_civilisation [erik_arrival_cave_to_hall],
          layout_basic
D:2:      layout_rooms, minmay_goblin_kobold_house, uniq_crazy_yiuf_cottage

Skill      XL: |  1  2  3 |
---------------+----------+-----
Dodging        | 1 |  1.5
Axes           | 2 |  2.9
Armour         | 2 |  2.1
Fighting       | |  3.8
Invocations    | |  2.9

Action                   |  1- 3 |  4- 6 || total
-------------------------+-------+-------++-------
Melee: Hand axe          |   116 |    59 ||   175
Invok: Depart the Abyss  |     1 |       ||     1
       Bend Space        |       |     1 ||     1
  Use: Potion            |       |     4 ||     4
 Stab: Invisible         |       |     2 ||     2
Armor: Ring mail         |    45 |    20 ||    65
Dodge: Dodged            |    69 |    55 ||   124
